 Dungeon Crawl Stone Soup version 0.30.1-4-g462c640d31 (webtiles) character file.

Game seed: 12157087969694961606

2349896 LordWeiramon the Conqueror (level 27, 300/300 HPs)
             Began as a Hill Orc Artificer on Sept 13, 2023.
             Was the Champion of the Shining One.
             Escaped with the Orb
             ... and 4 runes on Sept 14, 2023!
             The game lasted 04:39:06 (71492 turns).

LordWeiramon the Conqueror (Hill Orc Artificer)    Turns: 71492, Time: 04:39:06

Health: 300/300    AC: 66    Str: 35 (36) XL:     27
Magic:  49/49      EV: 15    Int: 10      God:    the Shining One [******]
Gold:   3607       SH: 37    Dex: 14      Spells: 26/26 levels left

rFire   + + +        a - +9 broad axe (holy)
rCold   + . .        X - +8 tower shield
rNeg    + + +        T - +20 crystal plate armour "Luacum" {Rampage rElec Regen+ Str-3}
rPois   +            D - +2 hat {Stlth+}
rElec   +            O - +2 cloak {Will+}
rCorr   +            V - +3 pair of gauntlets of War {Slay+5}
SInv    +            F - +2 pair of boots {Fly}
Will    ++++.        i - amulet "Usaokulen" {Reflect *Slow rF+++ MP+9 SH+5 Stlth-} Stlth
                     Z - ring "Jullefy" {rCorr Str+6 Dex+6 Stlth-}
HPRegen 1.50/turn    j - ring "Ivvunetz" {rPois rC+ Will+ Dex-2 Slay+2 SInv}
MPRegen 0.31/turn

%: slow self (1%), reflection, rampage
@: flying, glowing, studying 6 skills
A: deterioration 1, robust 1, strong 1
0: Orb of Zot
}: 4/15 runes: serpentine, barnacled, silver, abyssal
a: Renounce Religion, Divine Shield, Cleansing Flame, Summon Divine Warrior


You escaped.
You worshipped the Shining One.
The Shining One was exalted by your worship.
You visited 11 branches of the dungeon, and saw 51 of its levels.
You visited the Abyss 3 times.
You visited 1 bazaar.
You also visited: Bailey and Desolation.

You collected 7868 gold pieces.
You spent 4261 gold pieces at shops.

Inventory:

Hand Weapons
 a - a +9 broad axe of holy wrath (weapon)
 b - a +9 broad axe of flaming
Missiles
 M - 7 throwing nets (quivered)
Armour
 e - the +0 cloak "Sobylou" {Str+2 Dex+3}
   (You found it on level 2 of the Depths)

   Str:       It affects your strength (+2).
   Dex:       It affects your dexterity (+3).
 D - a +2 hat of stealth (worn)
 F - a +2 pair of boots of flying (worn)
 O - a +2 cloak of willpower (worn)
 T - the +20 crystal plate armour "Luacum" (worn) {Rampage rElec Regen+ Str-3}
   (You took it off a deep elf high priest on level 3 of the Elven Halls)

   Str:       It affects your strength (-3).
   rElec:     It insulates you from electricity.
   Regen:     It increases your rate of health regeneration.
   Rampage:   It bestows one free step when moving towards enemies.
 V - the +3 pair of gauntlets of War (worn) {Slay+5}
   (You found it on level 4 of the Realm of Zot)

   Slay:      It affects your accuracy & damage with ranged weapons and melee
   (+5).
 X - a +8 tower shield (worn)
Jewellery
 h - the amulet "Nafed" {Acrobat rC++}
   (You acquired it on level 2 of the Lair of Beasts)

   [amulet of the acrobat]

   It increases your evasion while moving and waiting.
   rC:        It greatly protects you from cold.
 i - the amulet "Usaokulen" (around neck) {Reflect *Slow rF+++ MP+9 SH+5 Stlth-}
   (You bought it in a shop on level 3 of the Snake Pit)

   [amulet of reflection]

   It reflects blocked missile attacks.
   rF:        It renders you almost immune to fire.
   MP:        It affects your magic capacity (+9).
   *Slow:     It may slow you when you take damage.
   SH:        It affects your SH (+5).
   Stlth:     It makes you less stealthy.
 j - the ring "Ivvunetz" (right hand) {rPois rC+ Will+ Dex-2 Slay+2 SInv}
   (You took it off a ragged hierophant in the Desolation of Salt)

   [ring of poison resistance]

   Dex:       It affects your dexterity (-2).
   Slay:      It affects your accuracy & damage with ranged weapons and melee
   (+2).
   rC:        It protects you from cold.
   rPois:     It protects you from poison.
   SInv:      It lets you see invisible.
   Will:      It increases your willpower.
 n - a ring of protection from fire
 L - a +6 ring of intelligence
 N - the ring of False Pretenses {rElec AC+4 Str+5 Int-3}
   (You took it off a deep elf zephyrmancer on level 3 of the Elven Halls)

   [ring of protection]

   AC:        It affects your AC (+4).
   Str:       It affects your strength (+5).
   Int:       It affects your intelligence (-3).
   rElec:     It insulates you from electricity.
 Q - the ring of Lisim {Fly rF+}
   (You took it off a deep elf zephyrmancer on level 3 of the Elven Halls)

   [ring of flight]

   rF:        It protects you from fire.
   Fly:       It grants you flight.
 Z - the ring "Jullefy" (left hand) {rCorr Str+6 Dex+6 Stlth-}
   (You took it off a deep elf high priest on level 3 of the Elven Halls)

   [ring of strength]

   Str:       It affects your strength (+6).
   Dex:       It affects your dexterity (+6).
   rCorr:     It protects you from acid and corrosion.
   Stlth:     It makes you less stealthy.
Wands
 d - a wand of charming (15)
 v - a wand of paralysis (31)
 A - a wand of flame (94)
 E - a wand of quicksilver (53)
 I - a wand of roots (44)
 K - a wand of polymorph (26)
 R - a wand of mindburst (21)
 U - a wand of digging (24)
Scrolls
 f - 13 scrolls of poison
 g - 16 scrolls of teleportation
 k - 2 scrolls of magic mapping
 q - 5 scrolls of summoning
 s - 6 scrolls of fog
 t - 9 scrolls of fear
 u - 6 scrolls of enchant armour
 w - 7 scrolls of blinking
 C - 4 scrolls of silence
Potions
 c - 3 potions of haste
 l - 10 potions of magic
 m - 11 potions of heal wounds
 o - 17 potions of curing
 p - 4 potions of brilliance
 r - 8 potions of ambrosia
 x - 2 potions of berserk rage
 z - 14 potions of attraction
 G - 10 potions of flight
 J - 2 potions of cancellation
 P - 3 potions of mutation
 S - 7 potions of might
 W - 5 potions of resistance
Miscellaneous
 y - a phial of floods
 B - a condenser vane
 H - a lightning rod (4/4)
 Y - a phantom mirror


   Skills:
 O Level 27 Fighting
 O Level 27 Axes
 O Level 27 Armour
 - Level 16.0 Dodging
 - Level 0.7 Stealth
 + Level 26.4 Shields
 O Level 27 Invocations
 - Level 3.0 Evocations


You had 26 spell levels left.
You didn't know any spells.
Your spell library contained the following spells:

 Spells                   Type           Power      Damage    Failure   Level
 Apportation              Tloc           0%         N/A       86%         1
 Foxfire                  Conj/Fire      0%         2x1d4     86%         1
 Freeze                   Ice            0%         1d3       86%         1
 Magic Dart               Conj           0%         1d3       86%         1
 Necrotise                Necr           0%         1d4       86%         1
 Sandblast                Erth           0%         2d4       86%         1
 Shock                    Conj/Air       0%         1d3       86%         1
 Slow                     Hex            0%         N/A       86%         1
 Summon Small Mammal      Summ           0%         N/A       86%         1
 Blink                    Tloc           0%         N/A       94%         2
 Call Imp                 Summ           0%         N/A       94%         2
 Ensorcelled Hibernation  Hex/Ice        0%         N/A       94%         2
 Lesser Beckoning         Tloc           0%         N/A       94%         2
 Momentum Strike          Conj/Tloc      0%         3d8       94%         2
 Passwall                 Tmut/Erth      0%         N/A       94%         2
 Poisonous Vapours        Pois/Air       0%         N/A       94%         2
 Sublimation of Blood     Necr           0%         N/A       94%         2
 Call Canine Familiar     Summ           0%         N/A       99%         3
 Confusing Touch          Hex            0%         N/A       99%         3
 Frozen Ramparts          Ice            0%         1d1       99%         3
 Gell's Gravitas          Tloc           0%         N/A       99%         3
 Hailstorm                Conj/Ice       0%         3d3       99%         3
 Ignite Poison            Fire/Tmut/Pois 0%         N/A       99%         3
 Inner Flame              Hex/Fire       0%         N/A       99%         3
 Mephitic Cloud           Conj/Pois/Air  0%         N/A       99%         3
 Ozocubu's Armour         Ice            0%         N/A       99%         3
 Portal Projectile        Hex/Tloc       0%         N/A       99%         3
 Spider Form              Tmut/Pois      0%         N/A       99%         3
 Stone Arrow              Conj/Erth      0%         3d7       99%         3
 Summon Guardian Golem    Hex/Summ       0%         N/A       99%         3
 Swiftness                Air            0%         N/A       99%         3
 Teleport Other           Tloc           0%         N/A       99%         3
 Vampiric Draining        Necr           0%         2d6       99%         3
 Vhi's Electric Charge    Tloc/Air       0%         N/A       99%         3
 Volatile Blastmotes      Fire/Tloc      0%         2d10      99%         3
 Airstrike                Air            0%         2d(0-16)  100%        4
 Anguish                  Hex/Necr       0%         N/A       100%        4
 Animate Armour           Summ/Erth      0%         N/A       100%        4
 Cause Fear               Hex            0%         N/A       100%        4
 Dispel Undead            Necr           0%         3d6       100%        4
 Flame Wave               Conj/Fire      0%         2d4       100%        4
 Leda's Liquefaction      Hex/Erth       0%         N/A       100%        4
 Manifold Assault         Tloc           0%         N/A       100%        4
 Petrify                  Tmut/Erth      0%         N/A       100%        4
 Sticky Flame             Conj/Fire      0%         2d3       100%        4
 Summon Ice Beast         Ice/Summ       0%         N/A       100%        4
 Summon Lightning Spire   Summ/Air       0%         N/A       100%        4
 Alistair's Intoxication  Tmut/Pois      0%         N/A       100%        5
 Arcjolt                  Conj/Air       0%         1d10      100%        5
 Blade Hands              Tmut           0%         N/A       100%        5
 Borgnjor's Vile Clutch   Necr/Erth      0%         N/A       100%        5
 Fireball                 Conj/Fire      0%         3d3       100%        5
 Freezing Cloud           Conj/Ice/Air   0%         6-21      100%        5
 Irradiate                Conj/Tmut      0%         3d11      100%        5
 Iskenderun's Battlesphe  Conj           0%         2d6       100%        5
 Metabolic Englaciation   Hex/Ice        0%         N/A       100%        5
 Summon Forest            Summ/Tloc      0%         N/A       100%        5
 Summon Mana Viper        Hex/Summ       0%         N/A       100%        5
 Conjure Ball Lightning   Conj/Air       0%         3x3d6     100%        6
 Dispersal                Tloc           0%         N/A       100%        6
 Eringya's Noxious Bog    Tmut/Pois      0%         N/A       100%        6
 Iron Shot                Conj/Erth      0%         9d1       100%        6
 Plasma Beam              Fire/Air       0%         2x1d11    100%        6
 Simulacrum               Ice/Necr       0%         N/A       100%        6
 Starburst                Conj/Fire      0%         6d3       100%        6
 Statue Form              Tmut/Erth      0%         N/A       100%        6
 Summon Cactus Giant      Summ           0%         N/A       100%        6
 Dragon Form              Tmut           0%         N/A       100%        7
 Enfeeble                 Hex            0%         N/A       100%        7
 Monstrous Menagerie      Summ           0%         N/A       100%        7
 Orb of Destruction       Conj           0%         9d5       100%        7
 Ozocubu's Refrigeration  Ice            0%         4d7       100%        7
 Spellforged Servitor     Conj/Summ      0%         N/A       100%        7
 Storm Form               Tmut/Air       0%         N/A       100%        7
 Summon Hydra             Summ           0%         N/A       100%        7
 Ignition                 Fire           0%         3d3       100%        8
 Lehudib's Crystal Spear  Conj/Erth      0%         10d2      100%        8
 Maxwell's Capacitive Co  Air            0%         ∞         100%        8
 Chain Lightning          Conj/Air       0%         N/A       100%        9
 Dragon's Call            Summ           0%         N/A       100%        9
 Fire Storm               Conj/Fire      0%         5d1       100%        9
 Polar Vortex             Ice            0%         N/A       100%        9
 Shatter                  Erth           0%         3d5*      100%        9


Dungeon Overview and Level Annotations

Branches:
Dungeon (15/15)            Temple (1/1) D:5            Lair (5/5) D:8
 Shoals (4/4) Lair:2        Snake (4/4) Lair:3        Slime (0/5) Lair:4
    Orc (2/2) D:12            Elf (3/3) Orc:2        Vaults (5/5) D:13
  Crypt (3/3) Vaults:2       Tomb (0/3) Crypt:3      Depths (4/4) D:15
    Zot (5/5) Depths:4     Bailey (visited)         Desolation (visited)

Altars:
Ashenzari
Cheibriados
Dithmenos
Elyvilon
Fedhas
Kikubaaqudgha
Makhleb
Qazlal
Ru
Sif Muna
Trog
Vehumet
Xom
Yredelemnul
Zin
The Shining One
Beogh
Lugonu

Shops:
D:6 (   D:8 (   D:12 *   D:15 :   Orc:2 ?([!   Elf:1 =   Shoals:2 *
Shoals:3 :   Snake:3 :=([   Snake:4 [*?*   Vaults:1 *(([   Vaults:3 (

Portals:
Hell: Depths:1 Depths:2 Depths:3 Depths:4
Abyss: Lair:5 Depths:1 Depths:3
Pandemonium: Depths:1 Depths:2 Depths:3 Depths:4
Ziggurat: Depths:4

Annotations:
D:13 tengu w/ reflect?
D:15 Roxanne


Innate Abilities, Weirdness & Mutations

Your body sometimes deteriorates upon taking damage.
You are robust. (+10% HP)
Your muscles are strong. (Str +4, Int/Dex -1)


Message History

(H) Hell (Z) Zot
Where to? (Enter - D:1, ? - help)
There is a stone staircase leading up here.
You fly upwards.
There is a stone staircase leading down here.
A hell beast comes into view.
You block the hell beast's attack.
The hell beast tramples you but does no damage.
There is a stone staircase leading up here.
You slice the hell beast!!
The hell beast convulses!!
The hell beast is severely wounded.
You block the hell beast's attack. x2
You carve the hell beast like a ham!!!
You kill the hell beast!
The Shining One accepts your kill.
You feel better.
(D) Dungeon (T) Temple (L) Lair (A) Shoals (P) Snake Pit (M) Slime Pits (O) Orcish Mines (E) Elven Halls (V) Vaults (C) Crypt (W) Tomb (U) Depths (H) Hell (Z) Zot
Where to? (Enter - D:1, ? - help)
You fly upwards.
There is a stone staircase leading down here.
A hellion comes into view.
(D) Dungeon (T) Temple (L) Lair (A) Shoals (P) Snake Pit (M) Slime Pits (O) Orcish Mines (E) Elven Halls (V) Vaults (C) Crypt (W) Tomb (U) Depths (H) Hell (Z) Zot
Where to? (Enter - D:1 @ (x,y), ? - help)
You see here a +0 dagger.
You see here a +0 club.
HP restored.
A balrug and 2 sun demons come into view.
The balrug is wielding a +2 demon whip of freezing.
There is an open door here.
The balrug moves out of view.
The sun demon moves out of view. x2
The balrug gestures at you. The bolt of fire hits you. You resist.
There is a staircase leading out of the dungeon here.
You have escaped!

#[........................#
#..>†.).............#######
#.........#########.....#
#...........# #####.###
#........#### #...#
#...)...## ###..
#.......#♣#♣# ###
#......##.♣.##
#####..#P#@#P# ######
########..##P3P## #.....
#.........#P♣.♣P# #.....
#........[#♣.2.♣# #.....
#.........#.....#
#######.....
#.........#.~8~.#
#...........
########.##.~~~.#
#.......#### #.##.~#~.#
#.......#
#.##'###'###.......#


You could see a balrug and a sun demon.

Vanquished Creatures
  7 dread liches
  3 ancient liches
  9 orbs of fire
  Mara (Vaults:4)
  Mennas (Vaults:3)
  2 juggernauts
  A royal mummy (Crypt:3)
  Frederick (Vaults:5)
  7 Killer Klowns
  2 shard shrikes (Zot:3)
  Sojobo (Vaults:3)
  Bai Suzhen (Vaults:4)
  Boris (Vaults:3)
  Saint Roka (Orc:2)
  Margery (Crypt:2)
  Xtahua (Vaults:5)
  3 curse toes
  10 golden dragons
  2 bone dragons (Depths:4)
  the Enchantress (Depths:4)
  Jory (Vaults:5)
  A Tzitzimitl (Depths:3)
  19 tentacled monstrosities
  2 electric golems (Zot:5)
  A Brimstone Fiend (Depths:4)
  A hellephant (Depths:1)
  Rupert (D:14)
  A walking crystal tome (Depths:2)
  2 deep elf blademasters (Elf:3)
  26 Orb Guardians
  Mlioglotl (Shoals:1)
  Asterion (Snake:2)
  2 deep elf master archers (Elf:3)
  2 liches
  A walking divine tome (Depths:2)
  Gastronok (D:8)
  The ghost of Akuuror the Warrior, an adept GrFi of Okawaru (Snake:2)
  7 quicksilver dragons
  2 titans
  Polyphemus (Shoals:2)
  7 sphinxes
  11 death cobs
  4 ancient champions
  13 storm dragons
  2 tentacled starspawn (Abyss:3)
  11 shadow dragons
  Donald (Snake:2)
  5 tengu reavers
  Ilsuiw (Shoals:2)
  7 draconian knights
  7 draconian monks
  6 revenants
  7 nagarajas
  2 iron dragons (Depths:3)
  8 deep elf sorcerers
  2 fire giants
  3 angels
  15 frost giants
  15 vault wardens
  11 draconian scorchers
  An imperial myrmidon (Desolation)
  Louise (Shoals:1)
  6 draconian shifters
  4 curse skulls
  4 deep elf elementalists (Elf:3)
  3 ghost moths (Zot:4)
  Aizul (Shoals:2)
  2 demonspawn corrupters (Depths:4)
  4 war gargoyles
  4 orc warlords
  5 spriggan defenders
  8 draconian stormcallers
  12 ghouls
  6 draconian annihilators
  2 ophanim (Abyss:3)
  22 very ugly things
  17 ironbound preservers
  20 vampire knights
  A reaper (Crypt:3)
  11 stone giants
  5 ironbound thunderhulks
  10 black draconians
  10 deep elf demonologists
  Nessos (D:12)
  Azrael (Elf:2)
  8 green draconians
  4 demonspawn black suns (Zot:2)
  11 yellow draconians
  14 deep elf annihilators
  3 spark wasps
  17 dire elephants
  11 purple draconians
  14 white draconians
  The ghost of laqueoix the Severer, a journeyman MiFi of Okawaru (Lair:4)
  8 red draconians
  A halazid warlock (Desolation)
  8 merfolk impalers
  13 deep elf death magi
  13 ettins
  5 mummy priests (Crypt:3)
  2 green deaths
  4 fire dragons
  4 entropy weavers
  Snorg (Lair:5)
  8 eidola
  23 jiangshi
  6 merfolk javelineers
  21 yaktaur captains
  3 crystal guardians
  9 ragged hierophants (Desolation)
  5 great orbs of eyes
  Josephine (D:11)
  4 salamander tyrants
  A spriggan zombie (Crypt:1)
  Fannar (Lair:2)
  4 rakshasas
  32 vault guards
  Harold (D:9)
  12 hydras
  4 deep elf high priests
  12 ice dragons
  3 ogre magi
  5 servants of whispers (Desolation)
  8 peacekeepers
  4 spriggan air magi (Depths:4)
  3 catoblepae
  2 hell beasts
  Erica (D:11)
  4 boulder beetles
  9 anacondas
  13 ironbound frosthearts
  4 merfolk avatars
  2 alligator snapping turtles
  7 centaur warriors
  10 death yaks
  5 merfolk aquamancers
  12 two-headed ogres
  37 dancing weapons
  10 death knights
  13 deep troll shamans
  28 vampire magi
  14 deep troll earth magi
  19 naga warriors
  2 tengu warriors
  A bennu skeleton (Crypt:2)
  15 naga sharpshooters
  4 thrashing horrors
  A titan zombie (Crypt:1)
  3 spriggan berserkers
  10 deep elf knights
  7 hell knights
  A satyr (Shoals:4)
  7 shock serpents
  2 sun demons (Depths:1)
  An emperor scorpion zombie (Crypt:3)
  Amaemon (Lair:1)
  2 orc high priests (Orc:2)
  6 salamander mystics
  4 soul eaters
  16 iron trolls
  10 shadow wraiths
  8 skeletal warriors
  A skyshark (shapeshifter) (D:12)
  3 sixfirhies
  12 sea snakes
  A death drake (shapeshifter) (Vaults:5)
  A deep troll (shapeshifter) (Vaults:5)
  A fire crab (Lair:5)
  2 cherubim (Abyss:3)
  9 skysharks
  67 deep trolls
  3 glowing orange brains
  5 flayed ghosts
  Pikel (D:6)
  An orb spider (Abyss:3)
  A ghost moth zombie (Crypt:3)
  A kraken simulacrum (Shoals:3)
  12 lindwurms
  5 shadow demons
  4 naga ritualists
  9 bog bodies (Crypt:3)
  A glowing orange brain (shapeshifter) (Vaults:4)
  A bunyip skeleton (Crypt:1)
  7 wizards
  18 harpies
  9 phantasmal warriors
  A steelbarb worm (shapeshifter) (Vaults:4)
  26 ironbound convokers
  13 deep elf archers
  2 frost giant zombies (D:15)
  A mana viper (shapeshifter) (Depths:2)
  20 deep elf zephyrmancers
  10 necromancers
  13 orc knights
  A stone giant zombie (Crypt:1)
  15 fauns
  38 deep elf pyromancers
  The ghost of GrumpyGrim72 the Conjurer, a novice DrCj of Vehumet (D:6)
  2 orc sorcerers
  A wolf spider (shapeshifter) (Vaults:4)
  36 ugly things
  15 mana vipers
  An oklob plant (Lair:4)
  A shining eye (shapeshifter) (Vaults:5)
  A faun (shapeshifter) (Vaults:4)
  21 moths of wrath
  An iron dragon skeleton (Crypt:2)
  A moth of wrath (shapeshifter) (Vaults:5)
  28 salamanders
  15 manticores
  2 fire giant zombies (D:15)
  A sphinx skeleton (Vaults:4)
  11 elephants (Lair:5)
  A dire elephant zombie (Crypt:2)
  57 black mambas
  23 vault sentinels
  7 cyclopes
  7 merfolk sirens
  A centaur zombie (Crypt:1)
  6 smoke demons
  11 water nymphs
  26 naga magi
  A torpor snail (Lair:3)
  6 rust devils
  A centaur skeleton (Crypt:1)
  A molten gargoyle (Desolation)
  A torpor snail (shapeshifter) (Vaults:5)
  4 gargoyles
  13 guardian serpents
  7 cane toads
  A catoblepas zombie (Crypt:1)
  9 komodo dragons
  An orange demon (Lair:1)
  7 unseen horrors
  A naga skeleton (Crypt:2)
  3 rime drakes
  3 hellions
  36 yaktaurs
  6 kobold demonologists
  A tengu conjurer (Depths:4)
  A tormentor (Depths:2)
  36 guardian mummies (Crypt:3)
  2 efreet
  13 freezing wraiths
  2 redback zombies
  2 ancient zymes (Lair:5)
  An unseen horror skeleton (D:6)
  A harpy zombie (Crypt:2)
  3 red devils
  29 merfolk
  9 trolls
  A human zombie (Vaults:4)
  A hellwing (Depths:4)
  3 hornets
  11 wind drakes
  2 ice devils
  2 hydra zombies
  A hydra skeleton (Crypt:3)
  A polar bear (Lair:1)
  A boulder beetle zombie (Crypt:1)
  A sphinx simulacrum (Vaults:4)
  4 snapping turtles
  12 dream sheep
  45 saltlings (Desolation)
  55 slime creatures
  22 blink frogs
  Sigmund (D:2)
  7 air elementals
  5 flying skulls (Crypt:2)
  23 water elementals
  A culicivora (shapeshifter) (Vaults:4)
  2 ynoxinuls (Lair:5)
  9 spriggans
  3 shadows
  4 fire elementals
  4 vampires
  15 wraiths
  6 ushabtiu (Crypt:3)
  47 yaks
  Grum (D:9)
  2 large abominations
  8 wyverns
  2 steam dragons
  9 basilisks
  2 sea snake simulacra (Shoals:3)
  4 redbacks
  An alligator snapping turtle simulacrum (Shoals:3)
  5 chaos spawn
  2 death yak simulacra (Shoals:3)
  3 wargs
  Menkaure (D:5)
  2 vampire mosquitoes (D:12)
  A swamp worm (shapeshifter) (Vaults:5)
  55 nagas
  17 water moccasins
  2 floating eyes (Depths:4)
  4 hell hounds (Elf:2)
  2 glowing shapeshifter skeletons
  9 small abominations
  A black bear (D:7)
  49 orc warriors
  5 satyr simulacra (Shoals:3)
  3 sky beasts
  A swamp drake (D:8)
  An ice beast (D:5)
  A manticore zombie (Crypt:3)
  2 centaurs
  12 ogres
  5 boggarts (D:15)
  13 wolves
  A hog skeleton (Crypt:1)
  4 kobold brigands
  A salamander zombie (Crypt:2)
  11 bullfrogs
  2 gnoll sergeants
  A cyclops zombie (Crypt:1)
  3 earth elementals
  A merfolk simulacrum (Shoals:3)
  4 necrophages
  A draconian skeleton (Crypt:1)
  A faun simulacrum (Shoals:3)
  A komodo dragon skeleton (Crypt:3)
  A hornet simulacrum (D:14)
  2 water moccasin skeletons
  13 wights
  A manticore simulacrum (Shoals:3)
  A shapeshifter zombie (Crypt:3)
  A raiju zombie (Crypt:1)
  4 killer bees
  A polar bear zombie (Crypt:3)
  A howler monkey (D:7)
  3 electric eels
  A crimson imp (D:10)
  A hound (D:5)
  2 jellies
  20 orc priests
  Crazy Yiuf (D:6)
  A gnoll bouda (D:7)
  3 cyclops simulacra (Shoals:3)
  Ijyb (D:3)
  Terence (D:2)
  4 iguanas
  A scorpion zombie (Crypt:2)
  39 orc wizards
  6 centaur simulacra (Shoals:3)
  5 mummies (Crypt:3)
  A spectral howler monkey (D:6)
  A howler monkey zombie (Crypt:3)
  8 gnolls
  7 adders
  2 white imps
  An ufetubus (D:6)
  An adder skeleton (Crypt:2)
  2 adder zombies
  5 worms
  2 dart slugs
  131 orcs
  3 bats
  2 bat skeletons (Crypt:2)
  5 endoplasms
  3 giant cockroaches
  12 goblins
  8 hobgoblins
  3 quokkas
  7 ball pythons
  A ball python zombie (D:3)
  4 frilled lizards
  11 kobolds
  A quokka skeleton (Crypt:2)
  5 rats
  5 starspawn tentacles (Abyss:3)
2715 creatures vanquished.

Vanquished Creatures (collateral kills)
  3 Orb Guardians (Zot:5)
  A crystal guardian (Desolation)
  2 servants of whispers (Desolation)
  An ironbound convoker (Desolation)
  6 saltlings (Desolation)
13 creatures vanquished.

Vanquished Creatures (others)
  A draconian monk (Zot:2)
  A fire giant (Vaults:5)
  A green draconian (Depths:4)
  A harpy (Shoals:4)
  3 deep elf zephyrmancers
  A merfolk (Shoals:3)
  A water moccasin (Lair:5)
  An orc warrior (Orc:1)
  An orc (D:8)
  3 starspawn tentacles
  4 tentacles (Shoals:3)
18 creatures vanquished.

Grand Total: 2746 creatures vanquished

Notes
Turn   | Place    | Note
-------+----------+-------------------------------------------
     0 | D:1      | LordWeiramon the Hill Orc Artificer began the quest for the
                  | Orb.
     0 | D:1      | Reached XP level 1. HP: 16/16 MP: 1/1
   186 | D:1      | Reached XP level 2. HP: 25/25 MP: 2/2
   520 | D:1      | Reached XP level 3. HP: 29/31 MP: 3/3
   951 | D:2      | Noticed Sigmund
  1052 | D:3      | Reached XP level 4. HP: 41/41 MP: 4/4
  1295 | D:3      | Found a burning altar of Makhleb.
  1410 | D:3      | Reached skill level 5 in Fighting
  1628 | D:3      | Noticed Ijyb
  1630 | D:3      | Killed Ijyb
  1631 | D:3      | Reached XP level 5. HP: 50/50 MP: 5/5
  1693 | D:3      | Found a basalt altar of Yredelemnul.
  2771 | D:4      | Found a bloodstained altar of Trog.
  2822 | D:5      | Entered Level 5 of the Dungeon
  2840 | D:5      | Reached XP level 6. HP: 45/58 MP: 6/6
  2977 | D:5      | Reached skill level 5 in Axes
  3025 | D:5      | Found a stormy altar of Qazlal.
  3113 | D:5      | Noticed an ice beast
  3128 | D:5      | Killed an ice beast
  3129 | D:5      | Reached XP level 7. HP: 40/64 MP: 7/7
  3663 | D:5      | Noticed Menkaure
  3677 | D:5      | Killed Menkaure
  3919 | D:5      | Found a staircase to the Ecumenical Temple.
  3928 | Temple   | Entered the Ecumenical Temple
  3960 | Temple   | Became a worshipper of the Shining One
  4308 | D:6      | Noticed a two-headed ogre
  4312 | D:6      | Reached XP level 8. HP: 71/71 MP: 8/8
  4314 | D:6      | Killed a two-headed ogre
  4503 | D:6      | Noticed Pikel
  4531 | D:6      | Killed Pikel
  4532 | D:6      | Reached XP level 9. HP: 55/78 MP: 9/9
  4795 | D:6      | Found a blossoming altar of Fedhas.
  4885 | D:6      | Found a runed translucent door.
  4886 | D:6      | Noticed Crazy Yiuf
  5007 | D:6      | Found a runed translucent gate.
  5008 | D:6      | Found a runed translucent gate.
  5034 | D:6      | Found Vexkasea's Antique Weapon Boutique.
  5062 | D:6      | Bought a jewelled flail for 161 gold pieces
  5062 | D:6      | Identified the +6 flail of Nuciuch {heavy, Fragile rCorr
                  | SInv} (You bought it in a shop on level 6 of the Dungeon)
  5188 | D:6      | Found a runed translucent gate.
  5191 | D:6      | Noticed GrumpyGrim72's ghost (novice DrCj)
  5210 | D:6      | Killed GrumpyGrim72's ghost
  5211 | D:6      | Reached skill level 15 in Axes
  5373 | D:6      | Reached XP level 10. HP: 58/84 MP: 10/10
  5715 | D:6      | Killed Crazy Yiuf
  5828 | D:2      | Killed Sigmund
  5933 | D:2      | Noticed Terence
  5941 | D:2      | Killed Terence
  6333 | D:7      | Reached * piety under the Shining One
  6361 | D:7      | Reached skill level 5 in Armour
  6479 | D:7      | Noticed a boulder beetle
  6495 | D:7      | Killed a boulder beetle
  6508 | D:7      | Noticed a kobold demonologist
  6555 | D:7      | Killed a kobold demonologist
  6644 | D:7      | Found a shimmering altar of Xom.
  6693 | D:7      | Identified the +4 ring mail "Baykhlacu" {rCorr}
  7218 | D:8      | Found Voridid's Antique Weapon Shop.
  7239 | D:8      | Reached ** piety under the Shining One
  7402 | D:8      | Noticed Gastronok
  7423 | D:8      | Killed Gastronok
  7424 | D:8      | Reached skill level 10 in Fighting
  7424 | D:8      | Reached XP level 11. HP: 49/101 MP: 11/11
  7814 | D:8      | Found a sacrificial altar of Ru.
  8021 | D:8      | Found a staircase to the Lair.
  8215 | D:9      | Noticed a two-headed ogre
  8222 | D:9      | Killed a two-headed ogre
  8231 | D:9      | Found an ancient bone altar of Kikubaaqudgha.
  8235 | D:9      | Noticed a two-headed ogre
  8242 | D:9      | Killed a two-headed ogre
  8249 | D:9      | Noticed Grum
  8281 | D:9      | Killed Grum
  8477 | D:9      | Found a snail-covered altar of Cheibriados.
  8604 | D:9      | Noticed Harold
  8617 | D:9      | Killed Harold
  8859 | D:9      | Identified the +0 dagger "Nophuave" {freeze, Fly rF+ rC-
                  | Dex+5}
  9129 | D:9      | Noticed a skeletal warrior
  9129 | D:9      | Noticed a death knight
  9174 | D:8      | Killed a skeletal warrior
  9316 | D:9      | Noticed a two-headed ogre
  9330 | D:9      | Killed a two-headed ogre
  9507 | D:9      | Identified the +6 arbalest "Qusu Edawk" {penet, rPois rF+
                  | Int+4 Dex-5}
  9540 | D:10     | Entered Level 10 of the Dungeon
  9545 | D:10     | Reached *** piety under the Shining One
  9589 | D:10     | Noticed a two-headed ogre
  9594 | D:10     | Killed a two-headed ogre
  9595 | D:10     | Reached skill level 10 in Armour
  9595 | D:10     | Reached XP level 12. HP: 90/108 MP: 12/12
  9839 | D:10     | Found a flagged portal.
  9853 | D:10     | Reached skill level 1 in Dodging
  9907 | Bailey   | Entered a bailey
 10372 | Bailey   | Identified the +4 morningstar "Transmigrator" {speed, *Slow
                  | rF+ rCorr Dex+3}
 10733 | D:10     | Acquired the +8 orange crystal plate armour {Archmagi,
                  | Int+3 Clar}
 10733 | D:10     | Found the +8 orange crystal plate armour {Archmagi, Int+3
                  | Clar}
 10763 | D:11     | Noticed Josephine
 10804 | D:11     | Killed Josephine
 11052 | D:11     | Reached **** piety under the Shining One
 11065 | D:11     | Noticed a sun demon
 11192 | D:11     | Reached skill level 15 in Armour
 11482 | D:11     | Noticed Erica
 11496 | D:11     | Killed Erica
 11907 | D:9      | Killed a death knight
 12131 | Lair:1   | Entered Level 1 of the Lair of Beasts
 12277 | Lair:1   | Reached XP level 13. HP: 95/114 MP: 13/13
 12454 | Lair:1   | Noticed Amaemon
 12513 | Lair:1   | Killed Amaemon
 13236 | Lair:2   | Noticed Fannar
 13262 | Lair:2   | Killed Fannar
 13349 | Lair:2   | Acquired the amulet "Nafed" {Acrobat rC++}
 13400 | Lair:2   | Found a staircase to the Shoals.
 13818 | Lair:2   | Reached skill level 5 in Dodging
 14276 | Lair:3   | Found an ancient bone altar of Kikubaaqudgha.
 14459 | Lair:3   | Found a staircase to the Snake Pit.
 15566 | Lair:4   | Reached XP level 14. HP: 122/122 MP: 14/14
 15667 | Lair:4   | Found a staircase to the Slime Pits.
 15669 | Lair:4   | Identified the +2 leather armour of a treasure trove {rF+}
 15927 | Lair:4   | Found a bloodstained altar of Trog.
 15928 | Lair:4   | Noticed laqueoix's ghost (journeyman MiFi)
 15929 | Lair:4   | Found a transporter.
 15939 | Lair:4   | Reached ***** piety under the Shining One
 16029 | Lair:4   | Found a transporter.
 16402 | Lair:5   | Entered Level 5 of the Lair of Beasts
 18294 | Lair:5   | Identified the +5 war axe "Yfitimej" {heavy, rPois Int+2}
 18361 | Lair:5   | Reached XP level 15. HP: 130/130 MP: 15/15
 18449 | Lair:5   | Noticed Snorg
 18457 | Lair:5   | Killed Snorg
 18569 | Lair:5   | Found a corrupted altar of Lugonu.
 18569 | Lair:5   | Found a one-way gate to the infinite horrors of the Abyss.
 19953 | D:12     | Found a staircase to the Orcish Mines.
 19956 | D:12     | Reached ****** piety under the Shining One
 20056 | D:12     | Found Zetugod's General Store.
 20174 | D:12     | Noticed Nessos
 20185 | D:12     | Killed Nessos
 20721 | D:12     | Reached skill level 15 in Fighting
 21887 | D:13     | Identified a +6 broad axe of holy wrath (a +4 broad axe
                  | blessed by the Shining One)
 21887 | D:13     | Received a gift from the Shining One
 22630 | D:13     | Reached skill level 1 in Shields
 22897 | D:13     | Found a gate to the Vaults.
 23471 | D:14     | Reached XP level 16. HP: 129/149 MP: 16/16
 23477 | D:14     | Reached skill level 5 in Shields
 23596 | D:14     | Noticed Rupert
 23609 | D:14     | Killed Rupert
 23921 | D:15     | Entered Level 15 of the Dungeon
 23921 | D:15     | Noticed Roxanne
 24035 | D:15     | Found Qath's Book Shoppe.
 24207 | D:15     | Found a staircase to the Depths.
 25061 | Orc:1    | Entered Level 1 of the Orcish Mines
 25187 | Orc:1    | Found a roughly hewn altar of Beogh.
 25334 | Orc:2    | Entered Level 2 of the Orcish Mines
 25656 | Orc:1    | Reached skill level 10 in Shields
 25915 | Orc:2    | Found a roughly hewn altar of Beogh.
 25947 | Orc:2    | Found a roughly hewn altar of Beogh.
 25948 | Orc:2    | Found Zahidapp's Magic Scroll Boutique.
 25962 | Orc:2    | Bought a scroll of fog for 60 gold pieces
 25962 | Orc:2    | Bought a scroll of blinking for 112 gold pieces
 25996 | Orc:2    | Found a roughly hewn altar of Beogh.
 26043 | Orc:2    | Found a staircase to the Elven Halls.
 26123 | Orc:2    | Found a roughly hewn altar of Beogh.
 26124 | Orc:2    | Found Zorediff's Distillery.
 26147 | Orc:2    | Bought a potion of cancellation for 136 gold pieces
 26147 | Orc:2    | Bought a potion of curing for 51 gold pieces
 26147 | Orc:2    | Bought a potion of might for 68 gold pieces
 26147 | Orc:2    | Bought a potion of berserk rage for 85 gold pieces
 26147 | Orc:2    | Bought a potion of heal wounds for 85 gold pieces
 26376 | Orc:2    | Noticed Saint Roka
 26491 | Orc:2    | Killed Saint Roka
 26560 | Orc:2    | Found Zeczump's Antique Armour Shop.
 26563 | Orc:2    | Found a roughly hewn altar of Beogh.
 26566 | Orc:2    | Found Pogiot's Antique Weapon Boutique.
 26584 | Orc:2    | Bought a pair of heavily runed boots for 266 gold pieces
 26584 | Orc:2    | Identified the +1 pair of boots of Defiance {Stlth+} (You
                  | bought it in a shop on level 2 of the Orcish Mines)
 26595 | Orc:2    | Bought a pair of embroidered gloves for 210 gold pieces
 26606 | Orc:2    | Bought a pair of runed boots for 210 gold pieces
 26617 | Orc:2    | Bought a pair of embroidered gloves for 210 gold pieces
 26851 | Orc:2    | Found a roughly hewn altar of Beogh.
 27215 | Shoals:1 | Entered Level 1 of the Shoals
 27564 | Shoals:1 | Noticed Mlioglotl
 27569 | Shoals:1 | Noticed a tentacled starspawn
 27573 | Shoals:1 | Killed Mlioglotl
 27583 | Shoals:1 | Noticed Louise
 27583 | Abyss:3  | Cast into level 3 of the Abyss (Louise)
 27598 | Abyss:3  | Found a corrupted altar of Lugonu.
 27607 | Shoals:1 | Escaped the Abyss
 27629 | Shoals:1 | Killed Louise
 28299 | Shoals:2 | Noticed Aizul
 28299 | Shoals:2 | Noticed Polyphemus
 28518 | Shoals:2 | Killed Polyphemus
 28638 | Shoals:2 | Reached XP level 17. HP: 152/156 MP: 17/17
 28657 | Shoals:2 | Found Joavvauf's CLEARANCE SALE!.
 28663 | Shoals:2 | Bought a potion of curing for 3 gold pieces
 28692 | Shoals:2 | Noticed Ilsuiw
 28986 | Shoals:2 | Killed Ilsuiw
 29200 | Shoals:2 | Killed Aizul
 30095 | Shoals:3 | Reached skill level 15 in Shields
 31393 | Shoals:3 | Found Maemnoih's Book Boutique.
 31524 | Shoals:3 | Found a runed translucent gate.
 31524 | Shoals:3 | Found a runed translucent gate.
 31524 | Shoals:3 | Found a runed translucent gate.
 31906 | Shoals:4 | Entered Level 4 of the Shoals
 31906 | Shoals:4 | Found a stormy altar of Qazlal.
 32124 | Shoals:4 | Paralysed by an air elemental for 1 turns
 32818 | Shoals:4 | Paralysed by an air elemental for 1 turns
 32833 | Shoals:4 | Paralysed by an air elemental for 1 turns
 32837 | Shoals:4 | Paralysed by an air elemental for 1 turns
 33086 | Shoals:4 | Reached XP level 18. HP: 153/163 MP: 18/18
 33139 | Shoals:4 | Paralysed by an air elemental for 1 turns
 34487 | Shoals:4 | Identified the +7 short sword of Midwinter {drain, rF-
                  | Will+ rCorr Dex+3}
 34522 | Shoals:4 | Noticed a titan
 34536 | Shoals:4 | Killed a titan
 34542 | Shoals:4 | Got a barnacled rune of Zot
 34861 | Snake:1  | Entered Level 1 of the Snake Pit
 36196 | Snake:2  | Identified the +6 quarterstaff "Muinlaj" {freeze, Fragile
                  | rF+++ Dex+3 Stlth-}
 36206 | Snake:2  | Reached skill level 1 in Invocations
 36505 | Snake:2  | Noticed Asterion
 36529 | Snake:2  | Killed Asterion
 37337 | Snake:2  | Noticed Donald
 37367 | Snake:2  | Killed Donald
 37384 | Snake:2  | Found a runed translucent door.
 37409 | Snake:2  | Noticed Akuuror's ghost (adept GrFi)
 37435 | Snake:2  | Killed Akuuror's ghost
 37442 | Snake:2  | Got the Spellbook of Singed Summoning
 37588 | Snake:3  | Reached XP level 19. HP: 170/170 MP: 20/20
 37873 | Snake:3  | Found Muozuh's Antique Armour Shop.
 37911 | Snake:3  | Bought a faintly glowing chain mail for 266 gold pieces
 37911 | Snake:3  | Identified the +0 chain mail of Darkness {Will+++ Str-4
                  | Dex+4} (You bought it in a shop on level 3 of the Snake
                  | Pit)
 37912 | Snake:3  | Bought a heavily runed chain mail for 266 gold pieces
 37912 | Snake:3  | Identified the +5 chain mail of Zootuism {rN+ Dex+3} (You
                  | bought it in a shop on level 3 of the Snake Pit)
 38805 | Snake:3  | Found Otidokh's Antique Weapon Emporium.
 39063 | Snake:3  | Found Bielapto's Book Emporium.
 39150 | Snake:3  | Found Sarysitz's Jewellery Emporium.
 39403 | Snake:4  | Entered Level 4 of the Snake Pit
 40115 | Snake:4  | Found Eseclim's General Store.
 40292 | Snake:4  | Found Maodo's Antique Armour Shoppe.
 40329 | Snake:4  | Bought a runed hat for 280 gold pieces
 40398 | Snake:4  | Found Behimep's Magic Scroll Shop.
 40445 | Snake:4  | Bought a scroll of enchant weapon for 97 gold pieces
 40476 | Snake:4  | Found Leulire's General Store.
 42094 | Snake:4  | Reached XP level 20. HP: 189/193 MP: 21/21
 42385 | Snake:4  | Got a serpentine rune of Zot
 42846 | Elf:1    | Entered Level 1 of the Elven Halls
 43039 | Elf:1    | Reached skill level 5 in Invocations
 43043 | Elf:1    | Identified the +1 rapier of Pex Niniarr {spect, rElec Int-4
                  | Dex+3}
 43049 | Elf:1    | Paralysed by an air elemental for 1 turns
 43055 | Elf:1    | Noticed a Tzitzimitl
 43192 | Elf:1    | Found Gigok's Jewellery Shop.
 43711 | Elf:1    | Got the Discourse on the Escort
 44067 | Elf:2    | Noticed Azrael
 44238 | Elf:2    | Killed Azrael
 44239 | Elf:2    | Reached skill level 10 in Invocations
 44332 | Elf:2    | Found a crumbling gateway.
 44408 | Elf:2    | Found a glowing golden altar of the Shining One.
 44408 | Elf:2    | Found a white marble altar of Elyvilon.
 44408 | Elf:2    | Found a glowing silver altar of Zin.
 44582 | Desolati | Entered the Desolation of Salt
 44702 | Desolati | Identified the ring "Ivvunetz" {rPois rC+ Will+ Dex-2
                  | Slay+2 SInv}
 44816 | Desolati | Found the +2 Maxwell's thermic engine {flame, freeze, rev}
 44827 | Desolati | Identified the +2 battleaxe "Weonec" {flame, Will+ MP+9
                  | Int+4}
 45001 | Desolati | Identified the +4 ring mail of Purpose {rF+}
 45326 | Desolati | Got Ihemp's Octavo of Beckoning
 45328 | Desolati | Identified the ring of Qazlal's Displeasure {Dex+5 Slay+4
                  | Stlth-}
 45341 | Desolati | Identified the +6 sling of Qoemin {freeze, +Blink rF+}
 45524 | Desolati | Identified the +3 sling "Dulibar" {drain, rCorr Dex+4}
 45694 | Elf:2    | Reached skill level 15 in Invocations
 45756 | Elf:2    | Reached XP level 21. HP: 201/201 MP: 32/32
 46029 | Elf:2    | Found a runed translucent gate.
 46029 | Elf:2    | Found a runed translucent gate.
 46029 | Elf:2    | Found a runed translucent gate.
 46807 | Elf:3    | Entered Level 3 of the Elven Halls
 46910 | Elf:3    | Paralysed by an air elemental for 1 turns
 47163 | Elf:3    | Got the Cyclopedia of Entrancing Impulse
 47399 | Elf:3    | Got More Theurgy
 47457 | Elf:3    | Identified the +2 robe of Nuryggew {Archmagi}
 47457 | Elf:3    | Identified the ring of False Pretenses {rElec AC+4 Str+5
                  | Int-3}
 47506 | Elf:3    | Identified the +3 leather armour of Defiance {rC+}
 47526 | Elf:3    | Identified the +20 crystal plate armour "Luacum" {Rampage
                  | rElec Regen+ Str-3}
 47526 | Elf:3    | Identified the ring "Jullefy" {rCorr Str+6 Dex+6 Stlth-}
 47527 | Abyss:3  | Cast into level 3 of the Abyss (a deep elf demonologist)
 47604 | Abyss:3  | Found a corrupted altar of Lugonu.
 47613 | Abyss:3  | Found a corrupted altar of Lugonu.
 47627 | Abyss:3  | Paralysed by a great orb of eyes for 5 turns
 47691 | Abyss:3  | Found a glowing golden altar of the Shining One.
 47770 | Abyss:3  | Noticed a juggernaut
 47791 | Abyss:3  | Killed a juggernaut
 47795 | Abyss:3  | Got an abyssal rune of Zot
 47799 | Elf:3    | Escaped the Abyss
 48318 | Abyss:3  | Cast into level 3 of the Abyss (a deep elf demonologist)
 48320 | Abyss:3  | Found a white marble altar of Elyvilon.
 48330 | Elf:3    | Escaped the Abyss
 48358 | Elf:3    | Identified the ring of Lisim {Fly rF+}
 48692 | Elf:3    | Identified the +5 plate armour of Kathrila {Regen+ SInv}
 48734 | Elf:3    | Identified the +4 shortbow of Scorn {flame, Str+7}
 48764 | Elf:3    | Got the Codex of Charmed Clouds
 48788 | Elf:3    | Got the Book of the Legion and Effluvium
 49162 | Vaults:1 | Entered Level 1 of the Vaults
 49180 | Vaults:1 | Reached XP level 22. HP: 209/209 MP: 34/34
 49553 | Vaults:1 | Found Nulegg's Weapon Shoppe.
 49649 | Vaults:1 | Found Losib's Antique Weapon Shop.
 49660 | Vaults:1 | Identified the +0 scale mail "Zumipra" {Rampage rC- rN+}
 49743 | Vaults:1 | Found Jaakh's Armour Boutique.
 49888 | Vaults:1 | Found Tizezigi's General Store.
 49896 | Vaults:1 | Bought a scroll of enchant weapon for 97 gold pieces
 51458 | Vaults:2 | Found a staircase to the Crypt.
 51646 | Vaults:3 | Noticed Boris
 51660 | Vaults:3 | Killed Boris
 51667 | Vaults:3 | Reached XP level 23. HP: 224/237 MP: 35/35
 51947 | Vaults:3 | Identified the +0 plate armour "Ufefuloc" {Str+5}
 52035 | Vaults:3 | Paralysed by a sphinx for 5 turns
 52069 | Vaults:3 | Found Ruhafreo's Antique Weapon Shoppe.
 52075 | Vaults:3 | Noticed Sojobo
 52086 | Vaults:3 | Paralysed by an air elemental for 1 turns
 52093 | Vaults:3 | Paralysed by an air elemental for 1 turns
 52096 | Vaults:3 | Killed Sojobo
 52097 | Vaults:3 | Reached skill level 27 in Fighting
 52302 | Vaults:3 | Got the Exposition on Bright Congelation
 52579 | Vaults:3 | Noticed Mennas
 52630 | Vaults:3 | Killed Mennas
 52824 | Vaults:4 | Found a flickering gateway to a bazaar.
 52834 | Bazaar   | Entered a bazaar
 52843 | Bazaar   | Found Wovi's Antique Weapon Emporium.
 52856 | Bazaar   | Found Xurhejan's Antique Weapon Shoppe.
 52873 | Bazaar   | Found Ceimpi's Antique Armour Shoppe.
 52884 | Bazaar   | Found Situllut's Antique Armour Emporium.
 52907 | Bazaar   | Bought a runed scarf for 256 gold pieces
 53087 | Vaults:4 | Noticed Mara
 53099 | Vaults:4 | Noticed LordWeiramon's illusion
 53099 | Vaults:4 | Killed Mara
 53861 | Vaults:4 | Noticed Bai Suzhen
 53886 | Vaults:4 | Killed Bai Suzhen
 54076 | Crypt:1  | Entered Level 1 of the Crypt
 54176 | Crypt:1  | Reached XP level 24. HP: 249/249 MP: 35/35
 54824 | Crypt:1  | Found an ancient bone altar of Kikubaaqudgha.
 54844 | Crypt:1  | Got the Incunable of Rotation
 55293 | Crypt:2  | Noticed Margery
 55306 | Crypt:2  | Killed Margery
 55427 | Crypt:2  | Reached skill level 27 in Axes
 55470 | Crypt:2  | Identified the +8 war axe of Imbalance {flame, Dex+4}
 55958 | Crypt:3  | Entered Level 3 of the Crypt
 56029 | Crypt:3  | Identified the +1 short sword of Traps {protect, rElec
                  | rPois MP+9 Dex+2}
 56360 | Crypt:3  | Found a staircase to the Tomb.
 57186 | Crypt:3  | Identified the +7 falchion "Haggiep" {pain, rElec rF+ rN+
                  | Int+4}
 57357 | Crypt:3  | Reached XP level 25. HP: 257/257 MP: 35/35
 57689 | Crypt:3  | Noticed a royal mummy
 57705 | Crypt:3  | Killed a royal mummy
 58440 | Snake:3  | Bought the amulet "Usaokulen" {Reflect *Slow rF+++ MP+9
                  | SH+5 Stlth-} for 1342 gold pieces
 58968 | Vaults:5 | Entered Level 5 of the Vaults
 59085 | Vaults:5 | Noticed Frederick
 59158 | Vaults:5 | Killed Frederick
 59239 | Vaults:5 | Noticed Jory
 59250 | Vaults:5 | Killed Jory
 59410 | Vaults:5 | Reached skill level 10 in Dodging
 59493 | Vaults:5 | Identified the +3 spear of Pelyja {freeze, *Corrode Str+4}
 59518 | Vaults:5 | Got a silver rune of Zot
 59521 | Vaults:5 | Got the Compilation of Geometry
 59522 | Vaults:5 | Identified the scarf of Thoughtfulness {shadows, Int+2}
 59525 | Vaults:5 | Identified the staff of death "Qetuuqiw" {rF+ rN+ Dex+5}
 59728 | Vaults:5 | Noticed Xtahua
 59742 | Vaults:5 | Killed Xtahua
 59913 | Vaults:5 | Identified the +8 trident of Xyamimp {vamp, Dex+3}
 60204 | Vaults:5 | Identified the +1 hand axe of the Keeping Gods {vamp, rPois
                  | rF+ Int+6}
 60824 | Depths:1 | Entered Level 1 of the Depths
 60885 | Depths:1 | Reached XP level 26. HP: 263/266 MP: 35/35
 60977 | Depths:1 | Found the +8 Vampire's Tooth {megavamp}
 61242 | Depths:1 | Found a one-way gate leading to the halls of Pandemonium.
 61273 | Depths:1 | Found a gateway to Hell.
 61289 | Depths:1 | Found a shimmering blue altar of Sif Muna.
 61805 | Depths:2 | Identified the +7 great sword "Icvinel" {pain, rPois Int-3
                  | Stlth+}
 62093 | Lair:4   | Killed laqueoix's ghost
 62427 | Depths:2 | Found a radiant altar of Vehumet.
 62464 | Depths:2 | Reached skill level 15 in Dodging
 62600 | Depths:2 | Found a transporter.
 62608 | Depths:2 | Noticed a juggernaut
 62627 | Depths:2 | Killed a juggernaut
 62709 | Depths:2 | Identified the +0 cloak "Sobylou" {Str+2 Dex+3}
 62747 | Depths:2 | Found a transporter.
 62757 | Depths:2 | Identified the ring of Vaetal {Fly rN+ Int+5}
 63786 | Depths:3 | Found the +5 robe of Night {Dark Will+ SInv}
 63794 | Depths:3 | Reached XP level 27. HP: 273/273 MP: 36/36
 63800 | Depths:3 | Found a shadowy altar of Dithmenos.
 63812 | Depths:3 | Identified the +2 shadow dragon scales of Nelleic {rElec
                  | rN+ Int-5 Dex+3 Stlth++++}
 64054 | Depths:4 | Entered Level 4 of the Depths
 64073 | Depths:4 | Paralysed by a floating eye for 3 turns
 64279 | Depths:4 | Found a one-way gateway to a ziggurat.
 64294 | Depths:4 | Paralysed by a floating eye for 2 turns
 64298 | Depths:4 | Paralysed by a floating eye for 2 turns
 64310 | Depths:4 | Identified the +8 great sword of Arcadian Cruel Justice
                  | {freeze, rF+}
 64471 | Depths:4 | Noticed the Enchantress
 64479 | Depths:4 | Killed the Enchantress
 64964 | Depths:4 | Found a shadowy altar of Dithmenos.
 65149 | Depths:4 | Found a gate to the Realm of Zot.
 65309 | Zot:1    | Entered Level 1 of the Realm of Zot
 66469 | Zot:2    | Noticed an orb of fire
 66488 | Zot:2    | Gained mutation: You sometimes lose your temper in combat.
                  | [an orb of fire]
 66493 | Zot:2    | Killed an orb of fire
 66525 | Zot:2    | Identified the +5 mace of the Grave {drain, rCorr Int+2}
 66526 | Zot:2    | Got the Secrets of The Black Sun
 66529 | Zot:2    | Lost mutation: You sometimes lose your temper in combat.
                  | [potion of mutation]
 66529 | Zot:2    | Gained mutation: Your magical capacity is low. (-10% MP)
                  | [potion of mutation]
 66899 | Zot:3    | Noticed an orb of fire
 66916 | Zot:3    | Gained mutation: You are weak. (Str -2) [an orb of fire]
 66918 | Zot:3    | Killed an orb of fire
 66983 | Zot:3    | Reached skill level 27 in Invocations
 67112 | Zot:3    | Found the +3 salamander hide armour {Flames, rFlCloud rF++
                  | rC--}
 67749 | Zot:4    | Noticed an ancient lich
 67753 | Zot:4    | Noticed a dread lich
 67829 | Zot:4    | Found the +3 pair of gauntlets of War {Slay+5}
 67856 | Zot:4    | Found a shimmering blue altar of Sif Muna.
 67860 | Zot:4    | Found a transporter.
 67872 | Zot:4    | Killed a dread lich
 67875 | Zot:4    | Noticed an orb of fire
 67882 | Zot:4    | Killed an ancient lich
 67889 | Zot:4    | Killed an orb of fire
 67913 | Zot:4    | Found a transporter.
 68912 | Zot:5    | Entered Level 5 of the Realm of Zot
 69359 | Zot:5    | Identified the +6 whip of the Stork {spect, rC+ Will+
                  | Int+3}
 69783 | Zot:5    | Noticed a dread lich
 69786 | Zot:5    | Noticed an orb of fire
 69786 | Zot:5    | Noticed a dread lich
 69793 | Zot:5    | Killed a dread lich
 69794 | Zot:5    | Reached skill level 27 in Armour
 69800 | Zot:5    | Gained mutation: You are frail. (-10% HP) [an orb of fire]
 69801 | Zot:5    | Gained mutation: Your body sometimes deteriorates upon
                  | taking damage. [an orb of fire]
 69802 | Zot:5    | Gained mutation: You are very frail. (-20% HP) [an orb of
                  | fire]
 69809 | Zot:5    | Killed a dread lich
 69811 | Zot:5    | Gained mutation: You are vulnerable to cold. (rC-) [an orb
                  | of fire]
 69814 | Zot:5    | Gained mutation: Your magical capacity is very low. (-20%
                  | MP) [an orb of fire]
 69815 | Zot:5    | Killed an orb of fire
 69982 | Zot:5    | Noticed a dread lich
 69987 | Zot:5    | Killed a dread lich
 69994 | Zot:5    | Noticed an orb of fire
 69996 | Zot:5    | Noticed a dread lich
 70001 | Zot:5    | Noticed an ancient lich
 70003 | Zot:5    | Noticed an orb of fire
 70005 | Zot:5    | Identified the +4 tower shield of Dust Devil {rN+ Dex-2
                  | SInv}
 70006 | Zot:5    | Killed a dread lich
 70015 | Zot:5    | Killed an ancient lich
 70027 | Zot:5    | Killed an orb of fire
 70030 | Zot:5    | Killed an orb of fire
 70046 | Zot:5    | Noticed an ancient lich
 70051 | Zot:5    | Killed an ancient lich
 70074 | Zot:5    | Gained mutation: You are clumsy. (Dex -2) [mutagenic glow]
 70080 | Zot:5    | Noticed an orb of fire
 70083 | Zot:5    | Noticed an orb of fire
 70084 | Zot:5    | Noticed an orb of fire
 70110 | Zot:5    | Gained mutation: You occasionally lose the ability to read
                  | scrolls when taking damage. [an orb of fire]
 70111 | Zot:5    | Lost mutation: Your magical capacity is very low. (-20% MP)
                  | [an orb of fire]
 70112 | Zot:5    | Killed an orb of fire
 70114 | Zot:5    | Gained mutation: Armour fits poorly on your strangely
                  | shaped body. [an orb of fire]
 70125 | Zot:5    | Killed an orb of fire
 70130 | Zot:5    | Gained mutation: You sometimes lose your temper in combat.
                  | [an orb of fire]
 70131 | Zot:5    | Killed an orb of fire
 70132 | Zot:5    | Noticed a dread lich
 70136 | Zot:5    | Killed a dread lich
 70196 | Zot:4    | Lost mutation: You occasionally lose the ability to read
                  | scrolls when taking damage. [potion of mutation]
 70196 | Zot:4    | Lost mutation: You are very frail. (-20% HP) [potion of
                  | mutation]
 70196 | Zot:4    | Gained mutation: You are partially covered in large bone
                  | plates. (SH +4) [potion of mutation]
 70196 | Zot:4    | Lost mutation: You are clumsy. (Dex -2) [potion of
                  | mutation]
 70197 | Zot:4    | Lost mutation: You are weak. (Str -2) [potion of mutation]
 70197 | Zot:4    | Lost mutation: You are partially covered in large bone
                  | plates. (SH +4) [potion of mutation]
 70197 | Zot:4    | Lost mutation: Armour fits poorly on your strangely shaped
                  | body. [potion of mutation]
 70197 | Zot:4    | Gained mutation: Your spells are a little harder to cast,
                  | but a little more powerful. [potion of mutation]
 70197 | Zot:4    | Gained mutation: You occasionally shout uncontrollably at
                  | your foes. [potion of mutation]
 70198 | Zot:4    | Lost mutation: You occasionally shout uncontrollably at
                  | your foes. [potion of mutation]
 70198 | Zot:4    | Lost mutation: Your spells are a little harder to cast, but
                  | a little more powerful. [potion of mutation]
 70198 | Zot:4    | Lost mutation: You are vulnerable to cold. (rC-) [potion of
                  | mutation]
 70198 | Zot:4    | Gained mutation: Your muscles are strong. (Str +4, Int/Dex
                  | -1) [potion of mutation]
 70198 | Zot:4    | Gained mutation: You have large cloven feet. [potion of
                  | mutation]
 70198 | Zot:4    | Lost mutation: You are frail. (-10% HP) [potion of
                  | mutation]
 70199 | Zot:4    | Lost mutation: You sometimes lose your temper in combat.
                  | [potion of mutation]
 70199 | Zot:4    | Lost mutation: You have large cloven feet. [potion of
                  | mutation]
 70199 | Zot:4    | Lost mutation: Your magical capacity is low. (-10% MP)
                  | [potion of mutation]
 70199 | Zot:4    | Gained mutation: You are robust. (+10% HP) [potion of
                  | mutation]
 70391 | Zot:5    | Noticed a dread lich
 70403 | Zot:5    | Killed a dread lich
 70905 | Zot:5    | Got the Orb of Zot
 71492 | D:$      | Escaped with the Orb!

Illustrated notes

Levels and vault maps discovered:
D:1:      tarquinn_simple_flora_water_d, layout_basic, fountainhead,
          nrook_mini_vaults
D:2:      layout_rooms, uniq_sigmund, uniq_terence
D:3:      layout_loops_cross, lemuel_zombie_altar_yredelemnul,
          mainiacjoe_overflow_paths, solitary_fountain, uniq_ijyb
D:4:      layout_loops_ring, overflow_temple_1_default, kennysheep_diamond
D:5:      layout_loops_ring, nicolae_qazlal_general_emergency,
          lemuel_temple_firewalk_a, uniq_menkaure
D:6:      layout_gridville, fedhas_altar_4, gammafunk_ghost_necromancy,
          serial_shops, shop, minivault_14, minmay_microvault,
          uniq_crazy_yiuf_cottage, uniq_pikel
D:7:      layout_basic, amcnicky_altar_gilded, minmay_manual_mail
D:8:      layout_rooms, nicolae_ru_path_of_blood, erik_lair_dragon,
          nicolae_stop_n_shop_2, amcnicky_mini_pool_small, uniq_gastronok
D:9:      layout_long_grid, kiku_gazebo_pond_becter, kennysheep_mini_moat,
          minmay_bent, uniq_harold, uniq_grum
D:10:     layout_basic, enter_bailey_5, lightli_wizard_tower
D:11:     layout_irregular_city, grunt_decor_clamped, uniq_erica, uniq_josephine
D:12:     layout_basic, david_orc_3, serial_shops, nicolae_shop_tiny_waterfront,
          minmay_shattered_shrine, uniq_nessos
D:13:     layout_basic, grunt_vaults_entry_fortified, minmay_circle_x
D:14:     layout_rooms, chequers_serial_rivers_micro_b,
          minmay_misc_feat_columns, uniq_rupert
D:15:     gammafunk_depths_entry_grave, layout_gridville, serial_shops, shop,
          uniq_roxanne
Temple:   oiseaux_autumnal_temple
Lair:1:   layout_roguey, uniq_amaemon
Lair:2:   layout_roguey, nicolae_shoals_entry_roost, grunt_megastairs_3,
          uniq_fannar
Lair:3:   layout_cave_pods, dummy_snake_entry, basic_altar
Lair:4:   layout_roguey, slime_entry_1, gammafunk_ghost_wrathful_warriors,
          serial_bayou_shore_a
Lair:5:   hellmonk_lair_end_abyssal_woods, layout_cave_shapes,
          grunt_megastairs_1, lemuel_fruit_tree, uniq_snorg
Shoals:1: layout_shoals, uniq_mlioglotl, uniq_louise
Shoals:2: layout_shoals, nicolae_shop_clearance, uniq_ilsuiw, uniq_aizul,
          uniq_polyphemus
Shoals:3: layout_shoals, serial_shops, shop, nicolae_shoals_beach_cooler
Shoals:4: shoals_end_hellmonk_storm_palace [storm_palace_center_ruins,
          storm_palace_corner_pillars, storm_palace_corner_reverse_hut,
          storm_palace_corner_blocked, storm_palace_corner_altar]
Snake:1:  layout_cave_shapes
Snake:2:  layout_misc_corridors, ebering_ghost_inner_flame, st_stairs_6,
          uniq_donald, uniq_asterion
Snake:3:  layout_gridlike, serial_shops, nicolae_shop_overgrown_old_shop,
          nicolae_shop_statue_plus, shop, shop_statue, drop_trap,
          nicolae_snake_salamander_stairs
Snake:4:  johnstein_snake_rune_scales, layout_cave_town, serial_shops,
          nicolae_shop_getting_attention, shop, shop, shop, minmay_snake_pond,
          grunt_megastairs_5
Orc:1:    layout_caves, mines1_david
Orc:2:    grunt_orc_community_town_hall, layout_caves,
          grunt_orc_community_big_house_1, grunt_orc_community_big_house_1,
          grunt_orc_community_house_2, grunt_orc_community_house_2,
          grunt_orc_community_house_2, grunt_orc_community_house_3,
          grunt_orc_community_house_3, grunt_orc_community_house_1
Elf:1:    minmay_elf_arrival_plus, layout_geoelf_grid, serial_shops,
          nicolae_shop_gaudy_bauble, minmay_elf_demonology
Elf:2:    nicolae_elf_blades_splatter_lattice [nicolae_blade_tridents],
          layout_geoelf_diagonals, portal_desolation_entry_holy_temple,
          due_unseen_surprise, uniq_azrael
Elf:3:    grunt_elf_hall_branching, layout_geoelf_grid, serial_corexii_hall,
          chequers_hall_statues_wall_a, chequers_hall_statues_wall_a,
          corexii_hall_statues_x, corexii_hall_statues_i,
          corexii_hall_statues_x, chequers_hall_statues_wall_a
Vaults:1: ontoclasm_vaults_shout, v_misc_30, nicolae_vaults_six-pack,
          nicolae_vaults_double_plus_1, nicolae_vaults_little_squares_6,
          layout_vaults_quadrants, serial_shops, shop_statue, shop, shop,
          nicolae_shop_trees
Vaults:2: vaults_room_fours, hangedman_vaults_stitches, nicolae_vaults_six-pack,
          vaults_room_semicircle, blue_anna_dwarven_crypt,
          ontoclasm_vaults_shuriken, ontoclasm_vaults_pinch, v_pattern_4,
          vaults_standard_mumra_x, v_alt_pattern_6, nicolae_vaults_rhombus_5,
          ontoclasm_vaults_ligature, dpeg_vaults_pockets_of_resistance,
          nicolae_vaults_lightning_bolt, nicolae_vaults_double_plus_2,
          vaults_room_door_ring, layout_vaults_ring
Vaults:3: nicolae_vaults_diamond_1, nicolae_vaults_tetromino_T_2,
          vaults_room_pool, nicolae_vaults_closet_pinwheel_6,
          hangedman_vaults_restitches, nicolae_vaults_variable_pillar_hall,
          ontoclasm_vaults_eye, v_misc_4, nicolae_vaults_trapezoid_1,
          grunt_vaults_diagonal, nicolae_vaults_shrinking_rooms_1,
          hangedman_vaults_hat, layout_vaults_maze_snakey, serial_shops,
          nicolae_shop_behind_doors, uniq_saint_roka, uniq_sojobo, uniq_boris,
          uniq_mennas
Vaults:4: nicolae_vaults_little_squares_3, vaults_dpeg_cross, vaults_room_boxed,
          nicolae_vaults_mini_display_case, grunt_vaults_funnel,
          nicolae_vaults_network_star, v_misc_16,
          nicolae_vaults_loss_of_containment, v_misc_28,
          nicolae_vaults_sightless_eye, vaults_room_pool, layout_vaults_omnibox,
          serial_shops, bzr_entry_water, uniq_mara, uniq_bai_suzhen
Vaults:5: uniq_xtahua, uniq_frederick, uniq_jory
Crypt:1:  cheibrodos_crypt_down_in_the_bonehoard, layout_regular_city,
          serial_co_window_serial, co_window_corner_a, co_window_corner_a,
          co_window_paths_a, co_window_corner_a, co_window_paths_a,
          co_window_paths_a, co_window_cross_1, co_window_paths_a,
          co_window_corner_a, co_window_unsneaky_path_d, co_window_2corner,
          glass_columns_b, glass_columns_c
Crypt:2:  layout_chaotic_city, st_stairs_10, uniq_margery
Crypt:3:  due_elkab, layout_chaotic_city, tomb_entry_simple_bobbens,
          st_vampire_maze
Depths:1: layout_basic, grunt_pan_entry_zigzag, old_standard_altar, hell_entry,
          nicolae_abyss_entry_one_way_or_another,
          minmay_guarded_unrand_vampires_tooth
Depths:2: gammafunk_the_bubble [the_bubble_gammafunk_grid], layout_cave_shapes,
          nicolae_vehumet_radiance, rand_demon_pan_entry_3, hell_entry,
          minmay_librarian, minmay_staircase_bubble
Depths:3: regret_index_dithmenos_brocken_genspenst, layout_cave_pools,
          hangedman_abyss_entry_splay, hell_entry, pan_entry,
          hangedman_abyss_or_decor_lesser_grid, minmay_misc_feat_encased
Depths:4: grunt_zot_entry_gee_three, layout_gridlike, enter_ziggurat_d,
          nicolae_dithmenos_shadow_blocks, pf_hell_entry_tar_spiral,
          grunt_pan_entry_in_and_out, corner_web_ring, uniq_enchantress
Zot:1:    layout_cellular_growth
Zot:2:    dreamdust_black_sun_cult, layout_gridville, uniq_josephina
Zot:3:    minmay_elemental_castle, layout_gridville, grunt_ministairs_13
Zot:4:    gammafunk_sealed_library, layout_basic, grunt_megastairs_2, uniq_grunn
Zot:5:    layout_gridlike, grunt_ministairs_11

Skill      XL: |  1  2  3  4  5  6  7  8  9 10 11 12 13 14 15 16 17 18 19 20 21 22 23 24 25 26 27 |
---------------+----------------------------------------------------------------------------------+-----
Fighting       | 2 3 4 5 6 10 11 15 19 20 26 27 | 27.0
Axes           | 3 6 8 13 15 16 18 20 21 25 27 | 27.0
Armour         | 3 7 10 17 19 20 21 24 27 | 27.0
Dodging        | 2 5 8 12 16 | 16.0
Shields        | 4 13 18 19 21 22 26 | 26.4
Invocations    | 2 15 16 18 27 | 27.0
Stealth        | |  0.7
Evocations     | |  3.0

Action                     |  1- 3 |  4- 6 |  7- 9 | 10-12 | 13-15 | 16-18 | 19-21 | 22-24 | 25-27 || total
---------------------------+-------+-------+-------+-------+-------+-------+-------+-------+-------++-------
  Melee: Spear             |    19 |       |       |       |       |       |       |       |       ||    19
         Dagger            |    78 |   189 |    10 |       |       |       |       |       |       ||   277
         Punch             |     2 |     1 |     4 |     6 |    22 |       |       |       |       ||    35
         War axe           |       |       |   102 |   135 |       |       |       |       |       ||   237
         Broad axe         |       |       |       |   351 |   965 |  1775 |  1689 |  1491 |  2144 ||  8415
         Flail             |       |       |       |       |    88 |    15 |       |       |       ||   103
  Throw: Dart              |       |     1 |     4 |    10 |     1 |     3 |       |       |       ||    19
         Throwing net      |       |       |       |     1 |       |     1 |       |       |       ||     2
         Stone             |       |       |       |     1 |       |       |       |       |       ||     1
 Invoke: Brand Weapon With |       |       |       |       |     1 |       |       |       |       ||     1
         Summon Divine War |       |       |       |       |       |       |     1 |       |     3 ||     4
         Cleansing Flame   |       |       |       |       |       |       |     6 |       |     6 ||    12
  Evoke: Wand              |     3 |     9 |     4 |    20 |     9 |     8 |    15 |       |     2 ||    70
         Phial of floods   |       |       |       |       |     1 |     2 |       |       |       ||     3
         Phantom mirror    |       |       |       |       |       |     1 |       |       |       ||     1
    Use: Scroll            |     1 |     4 |     1 |    20 |    10 |     5 |     5 |     3 |    21 ||    70
         Potion            |       |       |     1 |     2 |     1 |     7 |     1 |     1 |    14 ||    27
   Stab: Sleeping          |     1 |     1 |       |       |       |       |       |       |       ||     2
 Armour: Leather armour    |     8 |     5 |       |       |       |       |       |       |       ||    13
         Ring mail         |       |    36 |    20 |   101 |       |       |       |       |       ||   157
         Skin              |       |       |     2 |       |       |       |       |       |       ||     2
         Chain mail        |       |       |       |    30 |       |       |       |       |       ||    30
         Crystal plate arm |       |       |       |    78 |   925 |   797 |   661 |   652 |   844 ||  3957
  Dodge: Dodged            |    37 |    72 |    32 |   142 |   383 |   363 |   357 |   285 |   498 ||  2169
         Repelled          |       |       |       |       |       |       |       |     3 |     4 ||     7
  Block: Other             |       |    19 |    19 |    89 |     3 |       |       |       |       ||   130
         Reflection        |       |       |     1 |     6 |       |       |       |       |    63 ||    70
         Kite shield       |       |       |       |       |    16 |   219 |   385 |       |       ||   620
         Tower shield      |       |       |       |       |       |  1186 |   901 |  1252 |  2632 ||  5971
